 Dungeon Sprint DCSS version 0.17-a0-1397-g0eee0a3 (webtiles) character file.

1528 Kidiri the Covert (level 8, -7/36 HPs)
             Began as a Spriggan Enchanter on June 17, 2015.
             Was an Initiate of Dithmenos.
             Shot with a bolt by a yaktaur (13 damage)
             ... in the Dungeon (Sprint II: "The Violet Keep of Menkaure").
             The game lasted 00:13:33 (1040 turns).

Kidiri the Covert (Spriggan Enchanter)              Turns: 1040, Time: 00:13:33

Health: -7/36      AC:  4    Str:  2    XL:     8   Next: 55%
Magic:  1/24       EV: 30    Int: 20    God:    Dithmenos [......]
Gold:   386        SH:  0    Dex: 28    Spells: 5 memorised, 17 levels left

rFire  . . .     SeeInvis +     a - +1 dagger
rCold  . . .     Clarity  .     k - +2 robe of the Echidna {Dex+6 Slay+3}
rNeg   . . .     SustAt   .     (shield restricted)
rPois  +         Gourm    .     (helmet restricted)
rElec  .         Spirit   .     (no cloak)
rCorr  .         Warding  .     (gloves unavailable)
rMut   .         NoTele   +     (boots unavailable)
MR     +....                    (no amulet)
Stlth  +++++++...               (no ring)
                                l - ring of Ziokhlan {rPois Int+3 Dex+4 Slay-3} (curse)

@: very quick, somewhat resistant to hostile enchantments, extremely stealthy
A: unfitting armour, talons 1, see invisible, herbivore 3, speed 3, slow
metabolism 2, spit poison 1, weak 1
a: Spit Poison, Renounce Religion


You were in the Dungeon.
You worshipped Dithmenos.
Dithmenos was noncommittal.
You were not hungry.

You visited 1 branch You collected 972 gold pieces.
You spent 586 gold pieces at shops.

Inventory:

Hand weapons
 a - a +1 dagger (weapon)
Armour
 b - a +1 robe
 k - the +2 robe of the Echidna (worn) {Dex+6 Slay+3}
   (You bought it in a shop in the Dungeon)

   It affects your dexterity (+6).
   It affects your accuracy and damage with ranged weapons and melee attacks
   (+3).
Jewellery
 l - the cursed ring of Ziokhlan (left hand) {rPois Int+3 Dex+4 Slay-3}
   (You bought it in a shop in the Dungeon)

   [ring of slaying]

   It affects your intelligence (+3).
   It affects your dexterity (+4).
   It affects your accuracy and damage with ranged weapons and melee attacks
   (-3).
   It protects you from poison.
   It has a curse placed upon it.
Scrolls
 j - a scroll of blinking
Potions
 g - a potion of haste
 h - 2 potions of magic
 i - a potion of berserk rage
 m - a potion of agility
 n - a potion of brilliance
Books
 c - a book of Maledictions

   Spells                             Type                      Level
   a - Corona                         Hexes                        1
   b - Ensorcelled Hibernation        Hexes/Ice                    2
   c - Confuse                        Hexes                        3
   d - Tukima's Dance                 Hexes                        3
   e - Dazzling Spray                 Conjuration/Hexes            3
Comestibles
 d - a bread ration


   Skills:
 * Level 9.7 Short Blades
 + Level 9.3 Dodging
 * Level 13.9 Stealth
 * Level 11.0 Spellcasting
 + Level 3.8 Conjurations
 + Level 8.3 Hexes
 + Level 4.2 Ice Magic


You had 17 spell levels left.
You knew the following spells:

 Your Spells              Type           Power        Failure   Level  Hunger
a - Corona                Hex            #####..      1%          1    None
b - Ensorcelled Hibernat  Hex/Ice        #####.       1%          2    None
c - Confuse               Hex            #####...     1%          3    None
d - Tukima's Dance        Hex            #####...     1%          3    None
e - Dazzling Spray        Conj/Hex       #####...     1%          3    None


Dungeon Overview and Level Annotations

Branches:
Dungeon (1/1)

Altars:
Cheibriados
Dithmenos
Elyvilon
Fedhas
Gozag
Kikubaaqudgha
Makhleb
Nemelex Xobeh
Okawaru
Qazlal
Ru
Sif Muna
Trog
Vehumet
Xom
Yredelemnul
Zin
The Shining One
Beogh
Jiyva
Lugonu

Shops:
D [(:[%!}?=[:!((=*

Annotations:
D exclusion: oklob plant


Innate Abilities, Weirdness & Mutations

You are tiny and cannot use many weapons and most armour.
You have supernaturally acute eyesight.
You are a herbivore.
You cover ground extremely quickly.
You need consume almost no food.
You have sharp toenails.
You can spit weak poison.
You are weak. (Str -2)


Message History

You don't have enough magic to cast that spell.
Unknown command.
Unknown command.
The kraken is engulfed in a cloud of scalding steam.
There is a roughly hewn altar of Beogh here.
The polar bear stops glowing.
Casting: Corona
Confirm with . or Enter, or press ? or * to list all spells.
Aiming: Ensorcelled Hibernation
Press: ? - help, Shift-Dir - straight line, p - polar bear The yaktaur resists with some effort.
The yaktaur shoots a bolt.
The bolt completely misses you. The polar bear closely misses you. x2
The polar bear misses you.
Found 27 stones.
There is a shadowy altar of Dithmenos here.
You kneel at the altar of Dithmenos.
Dithmenos welcomes you!
The yaktaur shoots a bolt.
The bolt hits you!
You die... ##..##..# #..#.†# $)$?

)'##.'..####..##†#▓$!(((
##..##....###...##▓▓▓▓▓▓
###.##......≈≈≈≈≈≈≈≈≈≈≈≈
#####≈≈..§..≈#c########+
..#≈≈≈≈≈§§..≈#(.._._._#§
.##≈≈≈≈§≈≈≈X≈#.._._._.#§
##≈≈≈§≈≈≈≈§≈≈#.h._._._#≈
≈≈≈≈≈≈≈≈≈§≈≈≈#_.@._._.#≈
+++#≈§§≈§§§§≈#._._._..#§
zz ≈§§###≈§#_._._...#§
z§§§ #§§#._(⌠....#§
§§≈§§+ #≈≈#........#≈
§≈≈≈## §§§≈##########§
≈.§## ######≈≈≈≈≈≈≈≈≈≈
#### §§§###≈########≈


You could see a kraken, a polar bear and a yaktaur.

Vanquished Creatures
  A siren (D)
  2 polar bears (D)
  2 boulder beetles (D)
  A wasp (D)
  4 brain worms (D)
  A scorpion (D)
  4 worker ants (D)
15 creatures vanquished.

Vanquished Creatures (others)
  Menkaure (D)
  16 tentacles (D)
  100 tentacle segments (D)
117 creatures vanquished.

Grand Total: 132 creatures vanquished

Notes
Turn   | Place    | Note
--------------------------------------------------------------
     0 | D        | Kidiri the Spriggan Enchanter began the quest for the Orb.
     0 | D        | Reached XP level 1. HP: 9/9 MP: 5/5
     1 | D        | Noticed a brain worm
    19 | D        | Killed a brain worm
    19 | D        | Reached skill level 7 in Stealth
    19 | D        | Reached skill level 5 in Spellcasting
    19 | D        | Reached XP level 2. HP: 7/13 MP: 6/9
    19 | D        | Reached XP level 3. HP: 8/16 MP: 6/10
    19 | D        | Reached XP level 4. HP: 10/21 MP: 7/12
    20 | D        | Noticed a brain worm
    26 | D        | HP: 1/21 [brain worm (2)]
    30 | D        | Killed a brain worm
    30 | D        | Reached skill level 5 in Short Blades
    30 | D        | Reached skill level 5 in Dodging
    30 | D        | Reached skill level 8 in Stealth
    30 | D        | Reached skill level 5 in Hexes
    34 | D        | Learned a level 2 spell: Ensorcelled Hibernation
    38 | D        | Learned a level 3 spell: Confuse
    42 | D        | Learned a level 3 spell: Tukima's Dance
    46 | D        | Learned a level 3 spell: Dazzling Spray
   128 | D        | Killed Menkaure
   305 | D        | Noticed a brain worm
   305 | D        | Noticed a brain worm
   307 | D        | Killed a brain worm
   307 | D        | Reached skill level 9 in Stealth
   307 | D        | Reached skill level 1 in Conjurations
   307 | D        | Reached skill level 1 in Ice Magic
   307 | D        | Reached XP level 5. HP: 24/24 MP: 13/15
   309 | D        | Killed a brain worm
   309 | D        | Reached skill level 10 in Stealth
   321 | D        | Noticed a boulder beetle
   321 | D        | Noticed a boulder beetle
   325 | D        | Noticed a siren
   336 | D        | Noticed a worker ant
   336 | D        | Noticed a worker ant
   336 | D        | Noticed a worker ant
   339 | D        | Killed a siren
   339 | D        | Reached skill level 11 in Stealth
   339 | D        | Reached XP level 6. HP: 5/28 MP: 5/19
   339 | D        | Reached XP level 7. HP: 5/32 MP: 5/20
   341 | D        | Noticed a worker ant
   342 | D        | Killed a worker ant
   610 | D        | Killed a boulder beetle
   610 | D        | Reached skill level 12 in Stealth
   613 | D        | Killed a boulder beetle
   613 | D        | Reached skill level 10 in Spellcasting
   629 | D        | Killed a worker ant
   635 | D        | Killed a worker ant
   641 | D        | Killed a worker ant
   641 | D        | Reached XP level 8. HP: 36/36 MP: 13/23
   699 | D        | Noticed a lava snake
   701 | D        | Noticed a lava snake
   701 | D        | Noticed a kraken
   718 | D        | Noticed a kraken
   732 | D        | Noticed a flying skull
   732 | D        | Noticed a flying skull
   732 | D        | Noticed a flying skull
   732 | D        | Noticed a flying skull
   733 | D        | Noticed a flying skull
   733 | D        | Noticed a flying skull
   733 | D        | Noticed a flying skull
   733 | D        | Noticed a flying skull
   733 | D        | Noticed a flying skull
   734 | D        | Noticed a flying skull
   734 | D        | Noticed a flying skull
   734 | D        | Noticed a flying skull
   736 | D        | Found Pelimopn's Assorted Antiques.
   738 | D        | Found Erihezul's Antique Weapon Shoppe.
   739 | D        | Found Dowaalyo's Distillery.
   740 | D        | Found Vomm's Armour Shoppe.
   741 | D        | Noticed a scorpion
   743 | D        | Killed a scorpion
   743 | D        | Reached skill level 13 in Stealth
   750 | D        | Found Vejetoot's Jewellery Shoppe.
   750 | D        | Found Eryfenk's Weapon Emporium.
   751 | D        | Found Tuxigidd's Gadget Shoppe.
   751 | D        | Found Hiciullu's Jewellery Shoppe.
   751 | D        | Found Uxon's Distillery.
   751 | D        | Found Wiroefudgh's Book Shoppe.
   751 | D        | Found Kuttix's Magic Scroll Emporium.
   752 | D        | Noticed a polar bear
   755 | D        | Found Vycuumyr's Food Shoppe.
   755 | D        | Found Tecott's Antique Armour Emporium.
   755 | D        | Noticed a polar bear
   755 | D        | Noticed an oklob plant
   756 | D        | Found Zutax's Weapon Shoppe.
   756 | D        | Found Yjul's Antique Armour Emporium.
   756 | D        | Found Dydghan's Book Shoppe.
   756 | D        | Noticed an ice dragon
   765 | D        | Noticed a black bear
   765 | D        | Noticed a black bear
   772 | D        | Noticed a black bear
   826 | D        | Bought a silken robe for 148 gold pieces
   836 | D        | Identified the +2 robe of the Echidna {Dex+6 Slay+3} (You bought it in a shop in the Dungeon)
   844 | D        | Bought the cursed ring of Ziokhlan {rPois Int+3 Dex+4 Slay-3} for 291 gold pieces
   859 | D        | Bought a potion of agility for 56 gold pieces
   859 | D        | Bought a potion of brilliance for 56 gold pieces
   859 | D        | Bought a potion of mutation for 35 gold pieces
   859 | D        | Gained mutation: You are weak. (Str -2) [potion of mutation]
   859 | D        | Gained mutation: You can spit weak poison. [potion of mutation]
   859 | D        | Gained mutation: You have sharp toenails. [potion of mutation]
   946 | D        | Found a roughly hewn altar of Beogh.
   947 | D        | Found a snail-covered altar of Cheibriados.
   947 | D        | Found a stormy altar of Qazlal.
   948 | D        | Found a burning altar of Makhleb.
   948 | D        | Found a shadowy altar of Dithmenos.
   949 | D        | Found a sacrificial altar of Ru.
   949 | D        | Found an opulent altar of Gozag.
   949 | D        | Found a basalt altar of Yredelemnul.
   949 | D        | Found a deep blue altar of Sif Muna.
   949 | D        | Found a white marble altar of Elyvilon.
   950 | D        | Found a sparkling altar of Nemelex Xobeh.
   950 | D        | Found a radiant altar of Vehumet.
   950 | D        | Found a bloodstained altar of Trog.
   951 | D        | Found an iron altar of Okawaru.
   951 | D        | Found a shimmering altar of Xom.
   951 | D        | Found a glowing golden altar of the Shining One.
   952 | D        | Found a blossoming altar of Fedhas.
   952 | D        | Found a viscous altar of Jiyva.
   953 | D        | Found a glowing silver altar of Zin.
   953 | D        | Found a corrupted altar of Lugonu.
   954 | D        | Noticed a yaktaur
   954 | D        | Noticed a wasp
   954 | D        | Noticed a polar bear
   955 | D        | Noticed a polar bear
   955 | D        | Noticed a polar bear
   958 | D        | Killed a polar bear
   964 | D        | Killed a polar bear
   970 | D        | Killed a wasp
  1028 | D        | Found an ancient bone altar of Kikubaaqudgha.
  1040 | D        | Became a worshipper of Dithmenos the Shadowed
  1040 | D        | Shot with a bolt by a yaktaur

Vault maps used:
D:        the_violet_keep_of_menkaure

Action                   |  1- 3 |  4- 6 |  7- 9 || total
-------------------------+-------+-------+-------++-------
Melee: Dagger            |    14 |    14 |    70 ||    98
 Cast: Corona            |     1 |     1 |     3 ||     5
       Confuse           |       |     2 |     8 ||    10
       Ensorcelled Hiber |       |     1 |    11 ||    12
       Dazzling Spray    |       |     1 |     1 ||     2
  Use: Potion            |       |       |     3 ||     3
       Scroll            |       |       |     1 ||     1
 Stab: Sleeping          |       |     2 |     8 ||    10
       Invisible         |       |     1 |     1 ||     2
       Confused          |       |       |     1 ||     1
